AoeStats
← Dieguin

Hideout

508207394Analyzed
1v1 RM · 11d ago on Sep 21, 2026· 25m 30s· 2 players
Game mode
Random Map
Map size
Tiny (2 player)
Population
200
Speed
Normal
Resources
Standard
Victory
Conquest
Starting age
Dark Age
Ending age
Imperial Age
RankedLock teamsTeams togetherTeam positionsShared explorationLock speedFull tech treeHidden civsTurbo modeCheats
Victory
Defeat
🇨🇴 Cumans · Colombia
744
+17
🇹🇳 Cumans · Tunisia
763
-17
Dieguin
8:08 Loom
10:38 Feudal Age
10:58 Man-at-Arms
21:10 Horse Collar
21:17 Double-Bit Axe
AuraCollector
11:12 Feudal Age
9:30 Loom
12:05 Town Watch
15:11 Double-Bit Axe
15:08 Horse Collar
20:46 Gold Mining
21:23 Man-at-Arms
23:22 Wheelbarrow
23:19 Arson
25:01 Scale Barding Armor
24:58 Scale Mail Armor
25:28 Forging
Connection lost

Rejoining the realm…

Still unreachable

The connection could not be restored.

Session expired

The server has moved on; the page needs a fresh start.